 Dungeon Crawl Stone Soup version 0.31.0-11-ge490571c62 (webtiles) character file.

Game seed: 10922477075313532041

100 Drazool the Cutter (level 5, 0/29 HPs)
             Began as a Kobold Wanderer on Jan 28, 2024.
             Was a Believer of Wu Jian.
             Slain by an orc wizard
             ... wielding a +0 dagger
              (3 damage)
             ... on level 3 of the Dungeon.
             The game lasted 00:05:58 (1757 turns).

Drazool the Cutter (Kobold Wanderer)                Turns: 1757, Time: 00:05:59

Health: 0/29       AC:  2    Str: 10    XL:     5   Next: 3%
Magic:  5/5        EV: 13    Int: 10    God:    Wu Jian [**....]
Gold:   138        SH:  0    Dex: 21    Spells: 4/4 levels left

rFire   x . .        a - +0 dagger
rCold   x . .        (no shield)
rNeg    . . .        g - +0 robe
rPois   .            (no helmet)
rElec   .            (no cloak)
rCorr   .            (no gloves)
SInv    .            (no boots)
Will    .....        (no amulet)
Stlth   +++          (no ring)
HPRegen 0.24/turn    (no ring)
MPRegen 0.09/turn

%: no passive effects
@: confused
A: small, no large weapons, nightstalker 3, strong 1, cold vulnerability 1, heat
vulnerability 1
a: Renounce Religion, Wall Jump


You were on level 3 of the Dungeon.
You worshipped Wu Jian.
Wu Jian was pleased with you.
You visited 1 branch of the dungeon, and saw 3 of its levels.

You collected 138 gold pieces.


Innate Abilities, Weirdness & Mutations

You are small and have problems with some larger weapons.
You are completely attuned to the shadows.
Your muscles are strong. (Str +4, Int/Dex -1)
You are vulnerable to cold. (rC-)
You are vulnerable to heat. (rF-)


   Skills:
 + Level 1.4 Fighting
 - Level 6.0 Short Blades
 - Level 2.8 Armour
 - Level 6.0 Stealth


You had 4 spell levels left.
You didn't know any spells.
Your spell library was empty.

Inventory:

Hand Weapons
 a - a +0 dagger (weapon)
 d - a +0 short sword
Missiles
 b - an atropa-tipped dart (quivered)
 c - 2 datura-tipped darts
Armour
 g - a +0 robe (worn)
Scrolls
 e - a scroll of fog
 h - a scroll of identify {unknown}
 i - a scroll of blinking {unknown}

Dungeon Overview and Level Annotations

Branches:
Dungeon (3/15)

Altars:
Gozag
Makhleb
Wu Jian

#.# #.# .........
#.###..........
#...#..........
###.##.........
####.###.....#
.......###.###
####.#.###.####
#..{@....).# .
#.$#######.## ..
#..#.....#..###.$#
#..#.)...#.....o..
#..#..⚑..'..###...
#.)#.....#..... ..
##.#.....#..... .
#)#######....[
#.............


There were no monsters in sight!


Message History

You hear some strange, mumbled words.
A puff of flame appears from out of thin air!
The puff of flame hits you.
* * * LOW HITPOINT WARNING * * *
Unknown command.
You hit something but do no damage. You closely miss something.
Something hits you.
* * * LOW HITPOINT WARNING * * *
You hit something but do no damage. Something hits you.
* * * LOW HITPOINT WARNING * * *
You hit something. Something hits you.
* * * LOW HITPOINT WARNING * * *
Unknown command.
It was a potion of mutation.
You feel extremely strange.
You feel vulnerable to cold.
You feel vulnerable to heat.
You feel stronger.
You hear some strange, mumbled words.
You are confused.
You bump into the rock wall.
Something hits you.
* * * LOW HITPOINT WARNING * * *
Unknown command.
You completely miss something.
You're too confused to move!
Something hits you.
* * * LOW HITPOINT WARNING * * *
You aren't carrying any potions.
Unknown command.
You are too confused!
You bump into the translucent rock wall.
Something hits you.
You die...

Skill      XL: |  1  2  3  4 |
---------------+-------------+-----
Short Blades   | 6 |  6.0
Stealth        | 5 6 |  6.0
Fighting       | 1 |  1.4
Armour         | |  2.8

Action                     |  1- 3 |  4- 6 || total
---------------------------+-------+-------++-------
  Melee: Dagger            |   105 |   109 ||   214
         Punch             |     1 |     1 ||     2
  Throw: Dart              |     1 |       ||     1
Ability: Lunge             |    10 |    10 ||    20
         Whirlwind         |     1 |     1 ||     2
  Evoke: Wand              |       |     3 ||     3
    Use: Potion            |     1 |     2 ||     3
   Stab: Sleeping          |    16 |     6 ||    22
         Distracted        |     2 |     1 ||     3
         Paralysed         |       |     1 ||     1
 Armour: Robe              |    36 |    38 ||    74
  Dodge: Dodged            |    36 |    32 ||    68

Levels and vault maps discovered:
D:1:      wheals_arrival_linesprint, layout_rooms,
          dreamdust_ecumenical_altar_grove
D:2:      layout_basic, basic_altar, bh_walls_and_bars
D:3:      layout_rooms, amcnicky_altar_gilded, uniq_crazy_yiuf_cottage

Notes
Turn   | Place    | Note
-------+----------+-------------------------------------------
     0 | D:1      | Drazool the Kobold Wanderer began the quest for the Orb.
     0 | D:1      | Drazool set off with the following items: a +0 dagger, an
                  | atropa-tipped dart, 2 datura-tipped darts, a +0 short
                  | sword, a scroll of fog, a potion of curing {@q1}, a +0
                  | robe.
     0 | D:1      | Reached XP level 1. HP: 10/10 MP: 1/1
    56 | D:1      | Reached XP level 2. HP: 7/15 MP: 2/2
   248 | D:1      | Found a faded altar of an unknown god.
   260 | D:1      | Prayed at the altar of an unknown god.
   260 | D:1      | Became a worshipper of the Wu Jian Council
   260 | D:1      | Reached * piety under Wu Jian
   297 | D:1      | Reached XP level 3. HP: 8/19 MP: 3/3
   905 | D:2      | Reached skill level 6 in Short Blades
  1024 | D:2      | Reached skill level 5 in Stealth
  1046 | D:2      | Reached XP level 4. HP: 17/24 MP: 4/4
  1384 | D:2      | Reached skill level 6 in Stealth
  1446 | D:2      | Found a burning altar of Makhleb.
  1514 | D:3      | Found an opulent altar of Gozag.
  1535 | D:3      | Reached ** piety under Wu Jian
  1700 | D:3      | Reached skill level 1 in Fighting
  1723 | D:3      | Reached XP level 5. HP: 7/29 MP: 5/5
  1753 | D:3      | Gained mutation: You are vulnerable to cold. (rC-) [potion
                  | of mutation]
  1753 | D:3      | Gained mutation: You are vulnerable to heat. (rF-) [potion
                  | of mutation]
  1753 | D:3      | Gained mutation: Your muscles are strong. (Str +4, Int/Dex
                  | -1) [potion of mutation]
  1756 | D:3      | HP: 2/29 [something (1)]
  1757 | D:3      | Slain by an orc wizard

Vanquished Creatures
  2 adders (D:2)
  3 dart slugs
  3 ribbon worms
  4 orcs (D:3)
  3 ball pythons
  9 endoplasms
  3 giant cockroaches
  3 goblins
  7 hobgoblins
  4 kobolds
  2 quokkas
  8 bats
  5 frilled lizards
  6 rats
62 creatures vanquished.

Table legend: (Time is in decaauts)
 A = Elapsed time spent in this place.
 B = Non-inter-level travel time spent in this place.
 C = Inter-level travel time spent in this place.
 D = Time resting spent in this place.
 E = Time spent auto-exploring this place.
 F = Levels seen in this place.
 G = Mean time per level.
                   A        B        C        D        E       F      G
               +--------+--------+--------+--------+--------+-----+--------+
         Total |   1702 |   1624 |     78 |    142 |   1036 |   3 |  567.3 |
       Dungeon |   1702 |   1624 |     78 |    142 |   1036 |   3 |  567.3 |
               +--------+--------+--------+--------+--------+-----+--------+

Top non-repeatable levels by time:
     D:1: 766 daAuts
     D:2: 689 daAuts
     D:3: 246 daAuts

Table legend:
 A = Non-vault XP
 B = Vault XP
 C = Vault XP percentage of total XP
 D = Non-vault monster count
 E = Vault monster count
 F = Vault count percentage of total count
                 A         B        C        D         E       F
            +---------+---------+-------+---------+---------+-------
      Total |     144 |       0 |   0.0 |      62 |       0 |   0.0
            +---------+---------+-------+---------+---------+-------
        D:1 |      46 |       0 |   0.0 |      27 |       0 |   0.0
        D:2 |      73 |       0 |   0.0 |      25 |       0 |   0.0
        D:3 |      25 |       0 |   0.0 |      10 |       0 |   0.0
            +---------+---------+-------+---------+---------+-------
